 Dungeon Crawl Stone Soup version 0.27-a0-1105-g946c659c87 (webtiles) character file.

Game seed: 2842356057523190488

294 kae the Distorting Demonspawn (level 6, -3/48 HPs)
             Began as a Demonspawn Abyssal Knight on Apr 29, 2021.
             Was a Believer of Lugonu.
             Killed by divine providence
             ... invoked by an orc priest
              (15 damage)
             ... on level 3 of the Dungeon.
             The game lasted 00:02:22 (4833 turns).

kae the Distorting Demonspawn (DsAK)                Turns: 4833, Time: 00:02:22

Health: -3/48      AC:  9    Str: 16    XL:     6   Next: 11%
Magic:  9/9        EV: 12    Int: 14    God:    Lugonu [**....]
Gold:   117        SH:  0    Dex: 12    Spells: 5/5 levels left

rFire    . . .     SeeInvis .   a - +2 falchion
rCold    . . .     Faith    .   (no shield)
rNeg     . . .     Spirit   .   b - +0 leather armour
rPois    .         Reflect  .   (no helmet)
rElec    .         Harm     .   (no cloak)
rCorr    .         Rampage  .   (no gloves)
Will     .....                  (no boots)
Stlth    +.........             (no amulet)
HPRegen  0.16/turn              (no ring)
MPRegen  0.22/turn              (no ring)

@: sanguine armoured
A: magic regeneration, sanguine armour 1, strong 1
a: Renounce Religion, Depart the Abyss, Bend Space


You were on level 3 of the Dungeon.
You worshipped Lugonu.
Lugonu was pleased with you.
You visited 1 branch of the dungeon, and saw 3 of its levels.
You visited the Abyss 1 time.

You collected 117 gold pieces.

Inventory:

Hand Weapons
 a - a +2 falchion (weapon)
Armour
 b - a +0 leather armour (worn)
Jewellery
 g - an amulet of regeneration
Scrolls
 c - 6 scrolls of identify
Potions
 d - a potion of haste {unknown}
 f - a potion of heal wounds


   Skills:
 + Level 3.8 Fighting
 * Level 3.7 Long Blades
 + Level 2.8 Armour
 + Level 2.2 Dodging
 + Level 4.0 Invocations


You had 5 spell levels left.
You didn't know any spells.
Your spell library contained the following spells:

 Spells                   Type           Power      Damage    Failure   Level
 Magic Dart               Conj           0%         1d3       34%         1
 Blink                    Tloc           N/A        N/A       45%         2
 Call Imp                 Summ           0%         N/A       45%         2
 Slow                     Hex            0%         N/A       45%         2
 Conjure Flame            Conj/Fire      0%         6-21      71%         3
 Mephitic Cloud           Conj/Pois/Air  0%         N/A       71%         3


Dungeon Overview and Level Annotations

Branches:
Dungeon (3/15)

Altars:

Shops:
D:2 :


Innate Abilities, Weirdness & Mutations

You regenerate magic rapidly.
When seriously injured, your bleeding wounds create armour. (AC +6)
Your muscles are strong. (Str +2)


Message History

The orc priest looks braver for a moment.
The bat hits you but does no damage.
You see here a +0 club.
You slash the bat!
You kill the bat!
Lugonu accepts your kill. The orc priest hits you with a +0 mace.
You hit the orc priest but do no damage.
The orc priest barely misses you.
You riposte.
You hit the orc priest but do no damage.
You barely miss the orc priest.
The orc priest hits you but does no damage.
You barely miss the orc priest. The orc priest closely misses you.
You barely miss the orc priest. The orc priest hits you with a +0 mace.
You hit the orc priest.
The orc priest is lightly wounded.
The orc priest barely misses you.
You riposte.
You completely miss the orc priest.
The orc priest is lightly wounded.
You completely miss the orc priest.
The orc priest is lightly wounded.
The orc priest hits you with a +0 mace!
* * * LOW HITPOINT WARNING * * *
You hit the orc priest.
The orc priest is lightly wounded.
The orc priest hits you with a +0 mace.
* * * LOW HITPOINT WARNING * * *
You barely miss the orc priest.
The orc priest is lightly wounded.
The orc priest hits you but does no damage.
The orc priest calls down the wrath of Beogh upon you.
You barely resist. You completely miss the orc priest.
The orc priest is lightly wounded.
The orc priest closely misses you.
You hit the orc priest but do no damage.
The orc priest is lightly wounded.
The orc priest mumbles some strange prayers to Beogh against you.
Beogh smites you!
You die...

#........##..# ######.#.####
####.###.##..# #.#.....
#####......#..# #.######
#......##..#..# #.# ####
...####.##..#..#########.# #...
. #...##..#.........##.###...
#.####..)...#####.##...'... #.#
#......# #####...
#.######)#@.#####+######[..
#..........o...........[###
#########...............#
#......>.............#
##########.#####<.............#
........##.####............[.##
........o.o...o..........)...#
.............................#
.........†...................#


You could see an orc priest.

Vanquished Creatures
  A water moccasin (D:2)
  3 orc priests (D:3)
  3 adders (D:2)
  A worm (D:2)
  2 dart slugs
  12 orcs
  2 bats (D:3)
  3 endoplasms
  4 giant cockroaches
  6 hobgoblins
  2 jackals (D:2)
  2 quokkas
  9 ball pythons
  7 frilled lizards
  5 goblins
  2 kobolds (D:1)
  2 rats
66 creatures vanquished.

Notes
Turn   | Place    | Note
-------+----------+-------------------------------------------
     0 | Abyss:1  | kae the Demonspawn Abyssal Knight began the quest for the
                  | Orb.
     0 | Abyss:1  | Reached XP level 1. HP: 18/18 MP: 2/2
    58 | Abyss:1  | Noticed a sixfirhy
    59 | Abyss:1  | Noticed an efreet
    82 | Abyss:1  | Noticed an ettin simulacrum
    84 | Abyss:1  | Noticed a neqoxec
    84 | Abyss:1  | Gained mutation: Your muscles are strong. (Str +2) [a
                  | neqoxec]
    85 | D:1      | Escaped the Abyss
   321 | D:1      | Reached skill level 1 in Dodging
   332 | D:1      | Reached * piety under Lugonu
   342 | D:1      | Gained mutation: When seriously injured, your bleeding
                  | wounds create armour. (AC +6) [demonic ancestry]
   342 | D:1      | Reached XP level 2. HP: 20/24 MP: 3/3
   448 | D:1      | Found a faded altar of an unknown god.
  1372 | D:2      | Reached XP level 3. HP: 23/29 MP: 5/5
  1471 | D:2      | Reached skill level 3 in Invocations
  1994 | D:2      | Reached XP level 4. HP: 27/35 MP: 6/6
  2167 | D:2      | Found Vosuobb's Book Boutique.
  3040 | D:3      | Noticed a water moccasin
  3064 | D:2      | Killed a water moccasin
  3065 | D:2      | Gained mutation: You regenerate magic rapidly. [demonic
                  | ancestry]
  3065 | D:2      | Reached XP level 5. HP: 10/41 MP: 7/7
  4016 | D:3      | Reached ** piety under Lugonu
  4817 | D:3      | Reached skill level 4 in Invocations
  4817 | D:3      | Reached XP level 6. HP: 22/48 MP: 7/9
  4833 | D:3      | Killed from afar by an orc priest

Illustrated notes

Levels and vault maps discovered:
D:1:      sevenhm_arrival_forest_fort_small_4, layout_loops_cross,
          basic_ecumenical_altar, minmay_hexomino_p4
D:2:      layout_loops_ring, serial_shops,
          nicolae_shop_competitors_out_of_business, hex_tiny,
          kennysheep_cross_bottleneck
D:3:      layout_basic, lemuel_round_altar

Skill      XL: |  1  2  3  4  5 |
---------------+----------------+-----
Dodging        | 1 2 |  2.2
Long Blades    | 2 3 |  3.7
Armour         | 2 |  2.8
Invocations    | 3 4 |  4.0
Fighting       | |  3.8

Action                   |  1- 3 |  4- 6 || total
-------------------------+-------+-------++-------
Melee: Falchion          |   111 |   130 ||   241
Invok: Depart the Abyss  |     1 |       ||     1
  Use: Scroll            |     3 |     3 ||     6
       Potion            |       |     4 ||     4
Armor: Leather armour    |    25 |    36 ||    61
       Skin              |       |    61 ||    61
Dodge: Dodged            |    63 |    74 ||   137
       Rpst.: Falchion   |    15 |    21 ||    36

Table legend: (Time is in decaauts)
 A = Elapsed time spent in this place.
 B = Non-inter-level travel time spent in this place.
 C = Inter-level travel time spent in this place.
 D = Time resting spent in this place.
 E = Time spent auto-exploring this place.
 F = Levels seen in this place.
 G = Mean time per level.
                   A        B        C        D        E       F      G
               +--------+--------+--------+--------+--------+-----+--------+
         Total |   4880 |   4714 |    166 |    592 |   3544 |   4 | 1220.0 |
       Dungeon |   4795 |   4629 |    166 |    592 |   3487 |   3 | 1598.3 |
         Abyss |     85 |     85 |      0 |      0 |     57 |   1 |   85.0 |
               +--------+--------+--------+--------+--------+-----+--------+

Top non-repeatable levels by time:
     D:2: 2496 daAuts
     D:1: 1161 daAuts
     D:3: 1137 daAuts
 Abyss:1: 85 daAuts
